 Dungeon Crawl Stone Soup version 0.29-a0-422-gafbd6decc1 (webtiles) character file.

Game seed: 8566551795279867674

6 xian the Conjurer (level 1, -3/14 HPs)
             Began as a Draconian Conjurer on May 19, 2022.
             Slain by a hobgoblin (4 damage)
             ... on level 1 of the Dungeon.
             The game lasted 00:01:19 (104 turns).

xian the Conjurer (Draconian Conjurer)               Turns: 104, Time: 00:01:19

Health: -3/14      AC:  4    Str:  9    XL:     1   Next: 75%
Magic:  0/3        EV: 12    Int: 18    God:
Gold:   19         SH:  0    Dex:  9    Spells: 3/4 levels left

rFire   . . .      SeeInvis .   (no weapon)
rCold   . . .      Faith    .   (no shield)
rNeg    . . .      Spirit   .   (body armour unavailable)
rPois   .          Reflect  .   (helmet restricted)
rElec   .          Harm     .   (no cloak)
rCorr   .          Rampage  .   (no gloves)
Will    .....                   (no boots)
Stlth   ++........              (no amulet)
HPRegen 0.04/turn               (no ring)
MPRegen 0.08/turn               (no ring)

@: no status effects
A: AC +4, unfitting armour, cold-blooded
a: no special abilities


You were on level 1 of the Dungeon.
You visited 1 branch of the dungeon, and saw 1 of its levels.

You collected 19 gold pieces.

Inventory:

Potions
 a - a potion of magic


   Skills:
 + Level 1.8 Dodging
 + Level 1.8 Stealth
 + Level 2.0 Spellcasting
 + Level 4.2 Conjurations


You had 3 spell levels left.
You knew the following spells:

 Your Spells              Type           Power      Damage    Failure   Level
a - Magic Dart            Conj           68%        1d6       3%          1

Your spell library contained the following spells:

 Spells                   Type           Power      Damage    Failure   Level
 Searing Ray              Conj           34%        2d5       4%          2
 Dazzling Flash           Conj/Hex       18%        N/A       22%         3
 Fulminant Prism          Conj/Hex       4%         3d6       58%         4
 Iskenderun's Mystic Bla  Conj/Tloc      9%         2d4       58%         4


Dungeon Overview and Level Annotations

Branches:
Dungeon (1/15)

Altars:


Innate Abilities, Weirdness & Mutations

Your plain brown scales are hard. (AC +4)
You cannot fit into any form of body armour.
You are cold-blooded and may be slowed by cold attacks.


Message History

You hit the dart slug but do no damage.
You tail-slap the dart slug, but do no damage.
The dart slug is severely wounded.
The magic dart hits the dart slug.
You kill the dart slug!
The hobgoblin hits you.
Unknown command.
You hit the hobgoblin but do no damage. The hobgoblin hits you.
A rat comes into view.
You barely miss the hobgoblin. The hobgoblin hits you.
You closely miss the hobgoblin. The frilled lizard bites you.
The hobgoblin hits you but does no damage.
You barely miss the hobgoblin.
The hobgoblin hits you but does no damage.
The frilled lizard misses you.
You barely miss the hobgoblin. The frilled lizard misses you.
The hobgoblin hits you.
* * * LOW HITPOINT WARNING * * *
Unknown command.
You closely miss the hobgoblin. The hobgoblin closely misses you.
The frilled lizard barely misses you.
Unknown command.
You aren't carrying any scrolls.
You hit the hobgoblin but do no damage. The frilled lizard closely misses you.
The hobgoblin hits you but does no damage.
You hit the hobgoblin but do no damage. The frilled lizard barely misses you.
The hobgoblin barely misses you.
You are too injured to fight recklessly!
Aiming: Magic Dart (safe; 3% risk of failure)
Press: ? - help, Q - select action Shift-Dir - straight line, f - hobgoblin
Aim: a hobgoblin (100% to hit)
The magic dart hits the hobgoblin.
The hobgoblin is lightly wounded.
The hobgoblin barely misses you.
The frilled lizard completely misses you.
You barely miss the hobgoblin.
The hobgoblin is lightly wounded.
The frilled lizard closely misses you. The hobgoblin barely misses you.
You barely miss the frilled lizard. The hobgoblin hits you.
You die...

.########..
##..........
.......... #........
###......#......####
........#..........
.......#.l.....####...
......#@g......†.....
.....####....### ...
#....# ###.# #....#
#...######....#
#.#..l§....#+##
##.≈≈§≈§≈≈≈≈≈.#
#..≈8§§≈§)≈8≈.#
#..≈≈8≈≈≈≈8≈≈.#


You could see a hobgoblin and a frilled lizard.

Vanquished Creatures
  A dart slug (D:1)
  A bat (D:1)
  A quokka (D:1)
  A kobold (D:1)
4 creatures vanquished.

Notes
Turn   | Place    | Note
-------+----------+-------------------------------------------
     0 | D:1      | xian the Draconian Conjurer began the quest for the Orb.
     0 | D:1      | Reached XP level 1. HP: 14/14 MP: 3/3
   104 | D:1      | Slain by a hobgoblin

Illustrated notes

Levels and vault maps discovered:
D:1:      lightli_arrival_boilingwater, layout_basic, serial_shops, shop_statue,
          chequers_ecumenical_altar_simple

Action                   || total
-------------------------++-------
Melee: Unarmed           ||    11
       Tailslap          ||     1
 Cast: Magic Dart        ||    10
Armor: Skin              ||     3
Dodge: Dodged            ||    15

Table legend: (Time is in decaauts)
 A = Elapsed time spent in this place.
 B = Non-inter-level travel time spent in this place.
 C = Inter-level travel time spent in this place.
 D = Time resting spent in this place.
 E = Time spent auto-exploring this place.
 F = Levels seen in this place.
 G = Mean time per level.
                   A        B        C        D        E       F      G
               +--------+--------+--------+--------+--------+-----+--------+
         Total |    116 |    116 |      0 |      0 |     56 |   1 |  116.0 |
       Dungeon |    116 |    116 |      0 |      0 |     56 |   1 |  116.0 |
               +--------+--------+--------+--------+--------+-----+--------+

Top non-repeatable levels by time:
     D:1: 116 daAuts
